 Dungeon Crawl Stone Soup version 0.29-a0-72-g1732ff48e7 (webtiles) character file.

Game seed: 17051010249820184529

30 fragbeetle the Chiller (level 3, 0/26 HPs)
             Began as a Merfolk Ice Elementalist on Feb 4, 2022.
             Slain by Terence (10 damage)
             ... on level 2 of the Dungeon.
             The game lasted 00:02:50 (2109 turns).

fragbeetle the Chiller (Merfolk Ice Elementalist)   Turns: 2109, Time: 00:02:51

Health: 0/26       AC:  2    Str:  8    XL:     3   Next: 20%
Magic:  3/6        EV: 13    Int: 16    God:
Gold:   46         SH:  0    Dex: 14    Spells: 2/6 levels left

rFire   . . .      SeeInvis .   b - +0 short sword (flame)
rCold   . . .      Faith    .   (no shield)
rNeg    . . .      Spirit   .   a - +0 robe
rPois   .          Reflect  .   (no helmet)
rElec   .          Harm     .   (no cloak)
rCorr   .          Rampage  .   (no gloves)
Will    .....                   (no boots)
Stlth   ++........              (no amulet)
HPRegen 0.08/turn               (no ring)
MPRegen 0.10/turn               (no ring)

@: freezing walls
A: (nimble swimmer 2), mertail
a: no special abilities


You were on level 2 of the Dungeon.
You visited 1 branch of the dungeon, and saw 2 of its levels.

You collected 46 gold pieces.

Inventory:

Hand Weapons
 b - a +0 short sword of flaming (weapon)
Missiles
 c - 10 stones
 e - 4 poisoned darts
Armour
 a - a +0 robe (worn)
Jewellery
 k - a ring of resist corrosion
Scrolls
 h - a scroll of fog {unknown}
 j - a scroll of noise {unknown}
Potions
 d - a potion of degeneration {unknown}
 f - a potion of flight {unknown}
 g - 2 potions of curing {unknown}
 i - a potion of mutation {unknown}


   Skills:
 + Level 1.1 Fighting
 + Level 3.2 Dodging
 + Level 2.7 Stealth
 - Level 2.0 Spellcasting
 * Level 4.9 Ice Magic


You had 2 spell levels left.
You knew the following spells:

 Your Spells              Type           Power      Damage    Failure   Level
a - Freeze                Ice            68%        1d8       2%          1
b - Frozen Ramparts       Ice            34%        1d5       9%          3

Your spell library contained the following spells:

 Spells                   Type           Power      Damage    Failure   Level
 Static Discharge         Conj/Air       1%         N/A       30%         2
 Ozocubu's Armour         Ice            17%        N/A       9%          3
 Hailstorm                Conj/Ice       9%         3d4       58%         4
 Dispel Undead            Necr           1%         3d6       90%         4
 Sticky Flame             Conj/Fire      1%         2d3       90%         4
 Summon Forest            Summ/Tloc      0%         N/A       99%         5
 Summon Mana Viper        Hex/Summ       1%         N/A       99%         5
 Summon Cactus Giant      Summ           0%         N/A       100%        6


Dungeon Overview and Level Annotations

Branches:
Dungeon (2/15)

Altars:

Annotations:
D:2 Terence


Innate Abilities, Weirdness & Mutations

((You are very nimble when in or above water. (Stealth+, EV+, Speed+++)))
Your lower body shifts to a powerful aquatic tail in water.


Message History

j - a scroll labelled AKKISU QIOPIA
k - a ring of resist corrosion A kobold comes into view.
It is wielding a +0 short sword.
A kobold is nearby!
The helpless kobold fails to defend itself.
You hit the kobold. You burn the kobold.
You kill the kobold!
No target in view!
No target in view!
No target in view!
No target in view!
c - 10 stones (gained 3)
You see here a +0 short sword.
You see here a +0 short sword.
g - 2 yellow potions (gained 1) Terence the Incautious comes into view.
He is wielding a +0 flail.
Found 24 stones.
The helpless Terence fails to defend himself.
You hit Terence. You burn Terence.
Terence is lightly wounded.
Terence hits you with a +0 flail!
Sorry, you're not good enough to have a special ability.
Casting: Freeze (safe; 2% risk of failure)
Confirm with . or Enter, or press ? or * to list all spells.
The spell is quite dangerous to miscast (9% risk of failure)!
Continue anyway? [Y]es or [N]o only, please.
The spell is quite dangerous to miscast (9% risk of failure)!
Continue anyway?
Casting: Frozen Ramparts (quite dangerous; 9% risk of failure)
Press: ? - help, Dir - look around, f - activate The walls around you are covered in ice.
The wall freezes Terence.
Terence hits you with a +0 flail.
Unknown command.
You hit Terence but do no damage.
Terence is lightly wounded.
The wall freezes Terence.
Terence hits you with a +0 flail.
Unknown command.
You hit Terence but do no damage.
Terence is moderately wounded.
The wall freezes Terence.
Terence hits you with a +0 flail!
You die...

#.########
#.# ###
#.# #(.
#.# #.#
#.#### #.#
#...># #.#
####.# #@#
#.# #@#
#.# #.#
#.# #.#
#.# #.#
#.# #.#
#.# #.#
#.# #.#
#.# ######
#.# #.#
#..... #.#
#.# #.####


You could see Terence.

Vanquished Creatures
  3 ball pythons (D:2)
  An endoplasm (D:2)
  3 hobgoblins
  4 jackals (D:1)
  4 kobolds
  2 quokkas (D:1)
  5 bats
  2 frilled lizards
  3 goblins (D:1)
  2 rats
29 creatures vanquished.

Notes
Turn   | Place    | Note
-------+----------+-------------------------------------------
     0 | D:1      | fragbeetle the Merfolk Ice Elementalist began the quest for
                  | the Orb.
     0 | D:1      | Reached XP level 1. HP: 13/13 MP: 3/3
   497 | D:1      | Reached XP level 2. HP: 5/20 MP: 1/5
  1687 | D:2      | Reached skill level 1 in Fighting
  1799 | D:2      | Reached XP level 3. HP: 24/26 MP: 6/6
  1905 | D:2      | Learned a level 3 spell: Frozen Ramparts
  2099 | D:2      | Noticed Terence
  2109 | D:2      | Slain by Terence

Illustrated notes

Levels and vault maps discovered:
D:1:      amcnicky_arrival_choice, layout_basic
D:2:      cheibrodos_helix_gallery, layout_loops_ring, lightli_corner_chamber,
          uniq_terence

Skill      XL: |  1  2 |
---------------+-------+-----
Dodging        | 3 |  3.2
Fighting       | 1 |  1.1
Stealth        | |  2.7
Spellcasting   | |  2.0
Ice Magic      | |  4.9

Action                   || total
-------------------------++-------
Melee: Short sword       ||    64
 Cast: Freeze            ||    16
       Frozen Ramparts   ||     1
 Stab: Sleeping          ||     5
Armor: Robe              ||    28
Dodge: Dodged            ||    50

Table legend: (Time is in decaauts)
 A = Elapsed time spent in this place.
 B = Non-inter-level travel time spent in this place.
 C = Inter-level travel time spent in this place.
 D = Time resting spent in this place.
 E = Time spent auto-exploring this place.
 F = Levels seen in this place.
 G = Mean time per level.
                   A        B        C        D        E       F      G
               +--------+--------+--------+--------+--------+-----+--------+
         Total |   2114 |   2095 |     19 |    556 |   1229 |   2 | 1057.0 |
       Dungeon |   2114 |   2095 |     19 |    556 |   1229 |   2 | 1057.0 |
               +--------+--------+--------+--------+--------+-----+--------+

Top non-repeatable levels by time:
     D:1: 1684 daAuts
     D:2: 430 daAuts
